 Dungeon Crawl Stone Soup version 0.25.0-26-g0c896c7088 (webtiles) character file.

Game seed: 11936603375360946756

167 xccam the Cutter (level 5, -2/34 HPs)
             Began as an Octopode Assassin on July 2, 2020.
             Slain by an orc warrior
             ... wielding a +0 mace
              (10 damage)
             ... on level 2 of the Dungeon.
             The game lasted 00:02:29 (2475 turns).

xccam the Cutter (Octopode Assassin)                Turns: 2475, Time: 00:02:29

Health: -2/34      AC:  1    Str: 11    XL:     5   Next: 48%
Magic:  5/5        EV: 13    Int: 13    God:
Gold:   154        SH:  0    Dex: 14    Spells: 4/4 levels left

rFire    . . .     SeeInvis .   a - +2 dagger
rCold    . . .     Gourm    .   (no shield)
rNeg     . . .     Faith    .   (helmet restricted)
rPois    .         Spirit   .   j - amulet of the acrobat
rElec    .         Reflect  .   m - ring of resist corrosion
rCorr    +         Harm     .   (no ring)
MR       .....                  (no ring)
Stlth    ++++......             (no ring)
HPRegen  0.11/turn              (no ring)
MPRegen  0.09/turn              (no ring)
                                (no ring)
                                (no ring)

@: stab
A: almost no armour, stealthy swim, amphibious, 8 rings, constrict 8, camouflage
1, gelatinous body 1
a: no special abilities


You were on level 2 of the Dungeon.
You were hungry.

You visited 1 branch of the dungeon, and saw 3 of its levels.

You collected 154 gold pieces.

Inventory:

Hand Weapons
 a - a +2 dagger (weapon)
 l - a +1 dagger of holy wrath
Missiles
 b - 26 poisoned darts (quivered)
 c - 2 curare-tipped darts
Jewellery
 j - an amulet of the acrobat (around mantle)
 m - a ring of resist corrosion (left tentacle)
Scrolls
 e - a scroll of remove curse {unknown}
 f - 2 scrolls of enchant weapon {unknown}
 h - 2 scrolls of identify {unknown}
Potions
 g - a potion of magic {unknown}
 i - 2 potions of stabbing
 k - a potion of resistance {unknown}
 n - a potion of lignification {unknown}
 o - a potion of might {unknown}
 p - a potion of degeneration {unknown}
Comestibles
 d - 4 rations


   Skills:
 - Level 2.0 Fighting
 + Level 5.5 Short Blades
 - Level 2.0 Throwing
 - Level 1.0 Dodging
 - Level 5.3 Stealth


You had 4 spell levels left.
You didn't know any spells.
Your spell library was empty.

Dungeon Overview and Level Annotations

Branches:
Dungeon (3/15)

Altars:
Wu Jian

Annotations:
D:3 Sigmund


Innate Abilities, Weirdness & Mutations

You cannot wear most types of armour.
You are very stealthy in the water. (Stealth+)
You are amphibious.
You can wear up to eight rings at the same time.
You can use your tentacles to constrict eight enemies at once.
Your skin changes colour to match your surroundings (Stealth+).
Your rubbery body absorbs attacks. (AC +1, EV +1)


Message History

You are feeling hungry.
You start resting.
HP restored.
You climb downwards.
Level annotation: Sigmund The kobold throws a stone.
The stone misses you. The frilled lizard bites you.
The orc warrior barely misses you.
There is a stone staircase leading up here.
The kobold throws a stone.
The stone hits you.
The frilled lizard bites you but does no damage.
The orc warrior hits you with a +0 mace!!
Ouch! That really hurt!
* * * LOW HITPOINT WARNING * * *
You climb upwards.
There is a stone staircase leading down here.
It was a potion of stabbing.
You feel ready to backstab. The frilled lizard closely misses you.
The orc warrior hits you with a +0 mace!
You die...

#.# #.#()..
#.#####.#)...
#.#..........
#.#.#...#....
####.....###....
#.......## #....
#.......# #####
#####.......#
#..@o....####
#...l...##
#.......#
#.......#
#.......#
#.......#
#...[...#
#.......#
#.......#


You could see an orc warrior and a frilled lizard.

Vanquished Creatures
  An orc priest (D:3)
  An orc wizard (D:3)
  Jessica (D:2)
  2 adders
  A worm (D:2)
  A dart slug (D:1)
  3 leopard geckos
  3 orcs
  A ball python (D:2)
  2 giant cockroaches (D:2)
  7 goblins
  7 hobgoblins
  2 jackals (D:2)
  9 bats
  3 frilled lizards
  3 kobolds
  11 rats
58 creatures vanquished.

Notes
Turn   | Place    | Note
-------+----------+-------------------------------------------
     0 | D:1      | xccam the Octopode Assassin began the quest for the Orb.
     0 | D:1      | Reached XP level 1. HP: 14/14 MP: 1/1
   215 | D:1      | Reached XP level 2. HP: 19/19 MP: 2/2
   800 | D:2      | Reached XP level 3. HP: 24/24 MP: 3/3
   864 | D:2      | Found an ornate altar of the Wu Jian Council.
   884 | D:2      | Noticed Jessica
   891 | D:2      | Killed Jessica
   946 | D:2      | Reached XP level 4. HP: 29/29 MP: 4/4
  2049 | D:3      | Noticed an orc warrior
  2050 | D:3      | Noticed Sigmund
  2278 | D:3      | Reached skill level 5 in Short Blades
  2278 | D:3      | Reached XP level 5. HP: 34/34 MP: 5/5
  2475 | D:2      | Slain by an orc warrior

Illustrated notes

Levels and vault maps discovered:
D:1:      lemuel_arrival_tunnels, layout_basic, fountainhead
D:2:      layout_rooms, marbit_many_paths, uniq_jessica
D:3:      layout_rooms, grunt_dithmenos_smoke_and_mirrors, uniq_sigmund

Skill      XL: |  1  2  3  4 |
---------------+-------------+-----
Short Blades   | 3 4 5 |  5.5
Fighting       | |  2.0
Throwing       | |  2.0
Dodging        | |  1.0
Stealth        | |  5.3

Action                   |  1- 3 |  4- 6 || total
-------------------------+-------+-------++-------
Melee: Dagger            |    37 |    70 ||   107
       Tentacles         |     4 |    13 ||    17
       Constrict         |     4 |    19 ||    23
Throw: Dart              |       |     6 ||     6
  Use: Potion            |       |     1 ||     1
 Stab: Sleeping          |    18 |     3 ||    21
  Eat: Chunk             |       |     4 ||     4
Armor: Skin              |     2 |     4 ||     6
Dodge: Dodged            |    22 |    44 ||    66
